 Dungeon Crawl Stone Soup version 0.31-a0-1395-g7c67ea8c80 (webtiles) character file.

Game seed: 17891194380704062963

215 Bnni the Digger (level 6, -1/46 HPs)
             Began as a Formicid Earth Elementalist on Dec 25, 2023.
             Slain by a gnoll
             ... wielding a +0 flail
             ... led by a gnoll bouda
              (7 damage)
             ... on level 3 of the Dungeon.
             The game lasted 00:04:15 (2947 turns).

Bnni the Digger (Formicid Earth Elementalist)       Turns: 2947, Time: 00:04:15

Health: -1/46      AC:  5    Str: 13    XL:     6   Next: 15%
Magic:  6/11       EV: 10    Int: 16    God:
Gold:   174        SH:  0    Dex: 14    Spells: 1/11 levels left

rFire   . . .        e - +1 spear (venom)
rCold   . . .        (no shield)
rNeg    . . .        i - +0 ring mail
rPois   .            (helmet unavailable)
rElec   .            (no cloak)
rCorr   .            (no gloves)
SInv    +            (no boots)
Will    .....        (no amulet)
Stlth   +            (no ring)
HPRegen 0.27/turn    (no ring)
MPRegen 0.12/turn

%: no passive effects
@: no status effects
A: permanent stasis, dig shafts and tunnels, antennae 3, four strong arms
a: Dig, Shaft Self


You were on level 3 of the Dungeon.
You visited 1 branch of the dungeon, and saw 3 of its levels.

You collected 174 gold pieces.

Inventory:

Hand Weapons
 e - a +1 spear of venom (weapon)
Armour
 i - a +0 ring mail (worn)
Magical Staves
 n - a staff of conjuration
Scrolls
 c - a scroll of revelation {unknown}
 h - 2 scrolls of identify {unknown}
 j - 2 scrolls of teleportation {unknown}
 l - a scroll of noise {unknown}
 m - a scroll of blinking {unknown}
Potions
 b - a potion of magic
 d - 2 potions of heal wounds {unknown}
 f - a potion of cancellation {unknown}
 g - 2 potions of resistance {unknown}
 k - 3 potions of curing


   Skills:
 + Level 2.7 Fighting
 - Level 1.7 Dodging
 - Level 2.4 Stealth
 + Level 3.3 Spellcasting
 * Level 0.8 Conjurations
 * Level 5.7 Earth Magic
 - Level 2.0 Alchemy


You had one spell level left.
You knew the following spells:

 Your Spells              Type           Power      Damage    Failure   Level
a - Sandblast             Erth           42%        2d11      3%          1
b - Passwall              Alch/Erth      12%        N/A       12%         2
c - Stone Arrow           Conj/Erth      26%        3d8       30%         3
d - Brom's Barrelling Bo  Conj/Erth      13%        2d4       69%         4

Your spell library contained the following spells:

 Spells                   Type           Power      Damage    Failure   Level
 Magic Dart               Conj           20%        1d4       28%         1
 Necrotise                Necr           8%         1d4       36%         1
 Call Imp                 Summ           4%         N/A       52%         2
 Petrify                  Alch/Erth      15%        N/A       63%         4
 Inner Flame              Hex/Fire       2%         N/A       75%         3
 Vampiric Draining        Necr           2%         2d6       75%         3
 Irradiate                Conj/Alch      3%         3d12      99%         5
 Agony                    Necr           2%         N/A       100%        5
 Ignition                 Fire           1%         3d3       100%        8
 Blink                    Tloc           Unusable   N/A       N/A         2

Dungeon Overview and Level Annotations

Branches:
Dungeon (3/15)

Altars:


Innate Abilities, Weirdness & Mutations

You cannot be hasted, slowed, berserked, paralysed or teleported.
You can dig through walls and to a lower floor.
You have a pair of large antennae on your head. (SInv)
Your four strong arms can wield two-handed weapons with a shield.


Message History

Aim: a gnoll bouda, wielding a +0 whip and wearing a +2 leather armour of cold resistance (heavily wounded, extremely poisoned, 85% to hit)
The blast of sand hits the gnoll bouda but does no damage.
The gnoll bouda is heavily wounded.
The gnoll bouda barely misses you. The gnoll hits you but does no damage.
The gnoll bouda prays to its god.
The gnoll bouda is healed somewhat.
The gnoll hits you but does no damage.
Unknown command.
Aiming: Sandblast (safe; 3% risk of failure)
Press: ? - help, Q - select action, (/) - cycle Shift-Dir - straight line, f - gnoll, p - gnoll bouda
Aim: a gnoll, wielding a +0 spear (85% to hit)
The blast of sand hits the gnoll.
The gnoll is moderately wounded.
The gnoll bouda barks out a call to the hunt!
The gnoll picks up the pace!
The gnoll hits you but does no damage.
Aiming: Sandblast (safe; 3% risk of failure)
Press: ? - help, Q - select action, (/) - cycle Shift-Dir - straight line, f/p - gnoll
Aim: a gnoll, wielding a +0 spear (moderately wounded, covering ground quickly, 85% to hit)
The blast of sand hits the gnoll!
The gnoll is almost dead.
The gnoll bouda closely misses you.
The gnoll hits you from afar with a +0 spear.
* * * LOW HITPOINT WARNING * * *
The gnoll bouda misses you.
The gnoll hits you from afar with a +0 spear!
* * * LOW HITPOINT WARNING * * *
Aiming: Sandblast (safe; 3% risk of failure)
Press: ? - help, Q - select action, (/) - cycle Shift-Dir - straight line, f/p - gnoll
Aim: a gnoll, wielding a +0 spear (almost dead, covering ground quickly, 85% to hit)
The blast of sand hits the gnoll!
You kill the gnoll!
The gnoll bouda hits you but does no damage.
Okay, then.
Aiming: Sandblast (safe; 3% risk of failure)
Press: ? - help, Q - select action, (/) - cycle Shift-Dir - straight line, f - gnoll bouda
Aim: a gnoll bouda, wielding a +0 whip and wearing a +2 leather armour of cold resistance (almost dead, very poisoned, 85% to hit)
The blast of sand hits the gnoll bouda.
You kill the gnoll bouda!
The gnoll hits you with a +0 flail!
You die...

#.......# #.#
#.....
#.#######
#.######.....
#.#
..#............
#.#
............###
#.# .#
######...###
#.# .###
##..... #.# ,,
,... ##.### #.#
#.####)# #....
#.######
#.)g@..# #####
#.##...#
#####..#
#......#
#######..#
####...#
.........#
##.##
#######.###.#
#.#
............#
#.#
#######.#####
#.# #.# #.# #.#


You could see a gnoll (swift).

Vanquished Creatures
  A gnoll bouda (D:3)
  2 adders (D:3)
  12 gnolls
  4 dart slugs
  5 orcs (D:3)
  5 ball pythons (D:2)
  An endoplasm (D:2)
  3 giant cockroaches
  7 goblins
  6 hobgoblins
  8 jackals
  5 quokkas
  3 bats
  A frilled lizard (D:3)
  3 kobolds
  2 rats (D:1)
68 creatures vanquished.

Notes
Turn   | Place    | Note
-------+----------+-------------------------------------------
     0 | D:1      | Bnni the Formicid Earth Elementalist began the quest for
                  | the Orb.
     0 | D:1      | Reached XP level 1. HP: 13/13 MP: 3/3
   113 | D:1      | Reached XP level 2. HP: 14/20 MP: 1/5
   370 | D:1      | Reached skill level 4 in Earth Magic
   513 | D:1      | Reached XP level 3. HP: 25/25 MP: 3/6
   516 | D:1      | Learned a level 2 spell: Passwall
   520 | D:1      | Learned a level 3 spell: Stone Arrow
   823 | D:1      | Reached skill level 1 in Fighting
  1400 | D:2      | Reached XP level 4. HP: 26/32 MP: 2/8
  1798 | D:2      | Reached skill level 5 in Earth Magic
  1798 | D:2      | Reached XP level 5. HP: 31/38 MP: 4/9
  2197 | D:3      | HP: 1/38 [gnoll/+0 spear (5)]
  2205 | D:3      | HP: 1/38 [gnoll/+0 spear (4)]
  2861 | D:3      | Reached XP level 6. HP: 42/46 MP: 9/11
  2877 | D:3      | Learned a level 4 spell: Brom's Barrelling Boulder
  2947 | D:3      | Slain by a gnoll

Illustrated notes

Levels and vault maps discovered:
D:1:      spicycebolla_arrival_xxxplode, layout_basic,
          nicolae_figureground_pulse
D:2:      cheibrodos_old_hovel, layout_basic, chequers_decorated_corner,
          kennysheep_cross_bottleneck
D:3:      layout_loops_ring

Skill      XL: |  1  2  3  4 |
---------------+-------------+-----
Alchemy        | 2 |  2.0
Earth Magic    | 4 5 |  5.7
Fighting       | 1 2 |  2.7
Spellcasting   | 3 |  3.3
Dodging        | |  1.7
Stealth        | |  2.4
Conjurations   | |  0.8

Action                     |  1- 3 |  4- 6 || total
---------------------------+-------+-------++-------
  Melee: Unarmed           |     4 |       ||     4
         Punch             |     1 |     1 ||     2
         Dagger            |     1 |       ||     1
         Trident           |       |     1 ||     1
         Spear             |       |    36 ||    36
   Cast: Sandblast         |    43 |    52 ||    95
    Use: Potion            |       |     2 ||     2
   Stab: Sleeping          |     1 |     1 ||     2
 Armour: Robe              |    21 |    22 ||    43
         Ring mail         |       |    17 ||    17
  Dodge: Dodged            |    18 |    36 ||    54

Table legend: (Time is in decaauts)
 A = Elapsed time spent in this place.
 B = Non-inter-level travel time spent in this place.
 C = Inter-level travel time spent in this place.
 D = Time resting spent in this place.
 E = Time spent auto-exploring this place.
 F = Levels seen in this place.
 G = Mean time per level.
                   A        B        C        D        E       F      G
               +--------+--------+--------+--------+--------+-----+--------+
         Total |   2994 |   2932 |     62 |    138 |   2331 |   3 |  998.0 |
       Dungeon |   2994 |   2932 |     62 |    138 |   2331 |   3 |  998.0 |
               +--------+--------+--------+--------+--------+-----+--------+

Top non-repeatable levels by time:
     D:1: 1170 daAuts
     D:2: 1004 daAuts
     D:3: 820 daAuts
